 Dungeon Crawl Stone Soup version 0.23.2-33-g5129a83184 (webtiles) character file.

Game seed: 18249053743842469732

33882 Exodus22XD the Severer (level 13, -1/119 HPs)
             Began as a Minotaur Berserker on July 2, 2019.
             Was a High Priest of Trog.
             Slain by a komodo dragon (18 damage)
             ... on level 6 of the Lair of Beasts.
             The game lasted 00:34:56 (12971 turns).

Exodus22XD the Severer (Minotaur Berserker)        Turns: 12971, Time: 00:34:57

Health: -1/119     AC: 21    Str: 34    XL:     13   Next: 39%
Magic:  0/12       EV: 11    Int:  7    God:    Trog [*****.]
Gold:   1013       SH:  0    Dex: 15    Spells: 12/12 levels left

rFire    + . .     SeeInvis .   Q - +2 battleaxe of Triumph {chop, Str+5 Int+3 Stlth+}
rCold    x . .     Gourm    .   (shield currently unavailable)
rNeg     . . .     Faith    .   L - +0 plate armour
rPois    +         Spirit   +   (helmet restricted)
rElec    .         Reflect  .   j - scarf {repulsion}
rCorr    .         Harm     .   f - +1 pair of gloves {Str+3}
MR       .....                  y - +0 pair of boots
Stlth    ..........             b - amulet of guardian spirit
HPRegen  0.29/turn              g - ring of poison resistance
MPRegen  0.13/turn              i - ring of Hydoss {Fire Dex+4 Stlth+}

@: berserk cooldown, very slightly contaminated, slowed, invisible, repel
missiles, very slow
A: retaliatory headbutt, horns 2
a: Berserk, Trog's Hand, Brothers in Arms, Renounce Religion


You were on level 6 of the Lair of Beasts.
You worshipped Trog.
Trog was extremely pleased with you.
You were very hungry.

You visited 2 branches of the dungeon, and saw 14 of its levels.

You collected 1013 gold pieces.

Inventory:

Hand Weapons
 a - a +1 mace of holy wrath
 k - a +0 glaive
 t - a +0 morningstar
 Q - the +2 battleaxe of Triumph (weapon) {chop, Str+5 Int+3 Stlth+}
   (Trog gifted it to you on level 5 of the Lair of Beasts)

   It inflicts extra damage upon your enemies.
   It affects your strength (+5).
   It affects your intelligence (+3).
   It makes you more stealthy.
Armour
 f - a +1 pair of gloves of strength (worn)
 j - a scarf of repulsion (worn)
 y - a +0 pair of boots (worn)
 L - a +0 plate armour (worn)
Jewellery
 b - an amulet of guardian spirit (around neck)
 g - a ring of poison resistance (left hand)
 i - the ring of Hydoss (right hand) {Fire Dex+4 Stlth+}
   (You found it on level 7 of the Dungeon)

   [ring of fire]

   It enhances your fire magic.
   It affects your dexterity (+4).
   It protects you from fire.
   It makes you vulnerable to cold.
   It makes you more stealthy.
 w - an uncursed ring of see invisible {unknown}
 K - an uncursed ring of resist corrosion
 M - a cursed -3 ring of strength {unknown}
Wands
 v - a wand of paralysis (15)
 C - a wand of random effects (16)
 F - a wand of clouds (3)
 J - a wand of polymorph (7)
 U - a wand of digging (6)
 V - a wand of enslavement (7)
Scrolls
 h - 3 scrolls of magic mapping
 l - 7 scrolls of remove curse
 n - 4 scrolls of enchant weapon
 o - 4 scrolls of enchant armour
 p - 3 scrolls of fog
 s - 6 scrolls of teleportation
 A - 2 scrolls of fear {unknown}
 B - 4 scrolls of immolation
 H - 5 scrolls of amnesia {unknown}
 N - a scroll of blinking {unknown}
 O - a scroll of silence {unknown}
 P - 4 scrolls of identify
Potions
 d - 10 potions of curing
 e - 4 potions of brilliance
 m - 3 potions of resistance
 r - 2 potions of degeneration {unknown}
 u - 3 potions of heal wounds {unknown}
 x - a potion of magic {unknown}
 D - 4 potions of cancellation
 E - 2 potions of lignification {unknown}
 G - 3 potions of haste
 I - a potion of berserk rage {unknown}
 R - a potion of mutation {unknown}
 S - a potion of agility {unknown}
 T - a potion of might {unknown}
Comestibles
 c - 34 rations
 z - 13 chunks of flesh


   Skills:
 * Level 12.5 Fighting
 * Level 18.1 Axes
 - Level 0.7(12.2) Maces & Flails
 * Level 14.7 Armour
 + Level 4.3 Dodging
 - Level 0.5 Stealth


You had 12 spell levels left.
You didn't know any spells.
Your spell library was empty.

Dungeon Overview and Level Annotations

Branches:
Dungeon (8/15)             Temple (0/1) D:5            Lair (6/6) D:8
  Swamp (0/4) Lair:2        Snake (0/4) Lair:2        Slime (0/5) Lair:6

Altars:
Qazlal
Trog
Zin

Shops:
D:5 %   D:7 :   D:8 [*!%

Annotations:
D:7 3 runed translucent doors, enkamrat's ghost, novice MiBe
Lair:4 exclusion: oklob plant
Lair:6 1 runed translucent door, Ananasrisotto's ghost, journeyman DsFi


Innate Abilities, Weirdness & Mutations

You reflexively headbutt those who attack you in melee.
You have a pair of horns on your head.


Message History

Here: a lindwurm (almost dead, catching its breath)
The floor, spattered with blood.
You fade into invisibility!
The wyvern bites you but does no damage.
The komodo dragon bites you!
* * * LOW HITPOINT WARNING * * *
The lindwurm bites you but does no damage.
The lindwurm claws you but does no damage.
The lindwurm closely misses you. The wyvern bites you!
* * * LOW HITPOINT WARNING * * *
The lava snake spits lava at you.
The glob of lava hits the lindwurm!
The lindwurm dies!
The komodo dragon barely misses you.
You are very lightly contaminated with residual magic.
The komodo dragon closely misses you. You furiously retaliate!
You headbutt the komodo dragon!
The komodo dragon bites you but does no damage.
The komodo dragon bites you!!
You die...

#....# .......
##...# ......≈
##...## ##.....#
#...#####††....#≈
##..#.#^........#
#.÷†#....†......
#.÷..###........
##.l## ####..§§§
#...@# #SS≈≈
#....# ##≈§
##.... # #......
##...... ........
#..#...... ##
#PP#......# #
#####. .P#...P.


You could see a komodo dragon.

Vanquished Creatures
  4 hydras
  A two-headed ogre (D:8)
  Urug (Lair:2)
  6 black mambas
  17 elephants
  8 spiny frogs
  2 rime drakes (Lair:4)
  8 komodo dragons
  2 polar bears
  4 hippogriffs
  15 blink frogs
  2 spriggans (Lair:2)
  2 basilisks
  Grum (Lair:1)
  34 yaks
  A human (D:7)
  2 wyverns (Lair:6)
  4 hogs (D:7)
  A steam dragon (Lair:6)
  Menkaure (D:6)
  2 nagas (Lair:2)
  6 water moccasins
  Duvessa (D:6)
  8 porcupines
  A sky beast (D:6)
  An ice beast (D:8)
  2 orc warriors (D:7)
  A black bear (Lair:2)
  4 ogres
  A centaur (D:8)
  10 wolves
  7 crocodiles
  A big kobold (D:8)
  14 bullfrogs
  2 gnoll sergeants
  Dowan (D:6)
  A scorpion (D:8)
  A howler monkey (D:4)
  4 crimson imps
  A bullfrog zombie (D:6)
  A hound (D:4)
  A centaur zombie (D:5)
  3 jellies (Lair:6)
  4 orc priests
  A bullfrog skeleton (D:8)
  Jessica (D:3)
  An iguana (D:4)
  Ijyb (D:4)
  4 hell rats (Lair:4)
  5 orc wizards
  6 worker ants
  2 killer bee zombies (D:5)
  2 hound skeletons
  11 gnolls
  A howler monkey skeleton (D:8)
  6 adders
  A shadow imp (D:7)
  An ooze (Lair:6)
  An adder zombie (D:5)
  An adder skeleton (D:6)
  2 worms
  4 dart slugs
  6 leopard geckos
  33 orcs
  2 ball pythons
  5 giant cockroaches
  8 goblins
  8 hobgoblins
  3 jackals (D:8)
  12 quokkas
  9 bats
  6 frilled lizards
  16 kobolds
  A quokka skeleton (D:5)
  5 rats
  5 fungi
364 creatures vanquished.

Vanquished Creatures (others)
  A lindwurm (Lair:6)
  2 elephants (Lair:6)
  A komodo dragon (Lair:6)
  4 fungi (Lair:6)
  9 plants
17 creatures vanquished.

Grand Total: 381 creatures vanquished

Notes
Turn   | Place    | Note
-------+----------+-------------------------------------------
     0 | D:1      | Exodus22XD the Minotaur Berserker began the quest for the
                  | Orb.
     0 | D:1      | Reached XP level 1. HP: 19/19 MP: 0/0
   255 | D:1      | Reached XP level 2. HP: 15/27 MP: 1/1
   280 | D:1      | Reached skill level 4 in Axes
  1159 | D:2      | Reached XP level 3. HP: 29/33 MP: 2/2
  1232 | D:2      | Reached ** piety under Trog
  1466 | D:2      | Found a stormy altar of Qazlal.
  1745 | D:3      | Reached XP level 4. HP: 41/41 MP: 3/3
  1803 | D:3      | Reached skill level 5 in Axes
  2128 | D:3      | Reached XP level 5. HP: 45/47 MP: 4/4
  2138 | D:3      | Found a glowing silver altar of Zin.
  2363 | D:3      | Noticed Jessica
  2369 | D:3      | Killed Jessica
  2864 | D:4      | Noticed an ogre
  2871 | D:4      | Killed an ogre
  2871 | D:4      | Reached skill level 6 in Axes
  2871 | D:4      | Reached XP level 6. HP: 41/55 MP: 5/5
  3092 | D:4      | Reached skill level 5 in Fighting
  3181 | D:4      | Noticed Ijyb
  3183 | D:4      | Paralysed by Ijyb for 6 turns
  3191 | D:4      | Killed Ijyb
  3301 | D:4      | Reached skill level 5 in Armour
  3409 | D:4      | Reached XP level 7. HP: 61/61 MP: 6/6
  3438 | D:4      | Reached *** piety under Trog
  3609 | D:4      | Reached skill level 7 in Axes
  3837 | D:5      | Entered Level 5 of the Dungeon
  3908 | D:5      | Found Iraracyv's Food Boutique.
  4278 | D:5      | Found a staircase to the Ecumenical Temple.
  4777 | D:6      | Reached XP level 8. HP: 70/70 MP: 7/7
  4778 | D:6      | Reached skill level 8 in Axes
  4918 | D:6      | Noticed Duvessa
  4919 | D:6      | Noticed Dowan
  4925 | D:6      | Killed Duvessa
  4925 | D:6      | Reached **** piety under Trog
  4931 | D:6      | Killed Dowan
  4954 | D:6      | Noticed Menkaure
  4963 | D:6      | Killed Menkaure
  4963 | D:6      | Reached skill level 9 in Axes
  5610 | D:7      | Found Finautt's Book Shoppe.
  5648 | D:7      | Got a scintillating lapis lazuli ring
  5699 | D:7      | Identified the ring of Hydoss {Fire Dex+4 Stlth+} (You
                  | found it on level 7 of the Dungeon)
  5751 | D:7      | Reached skill level 10 in Axes
  5812 | D:7      | Reached XP level 9. HP: 78/78 MP: 8/8
  5819 | D:7      | Reached skill level 11 in Axes
  5999 | D:7      | Found a runed translucent gate.
  5999 | D:7      | Found a runed translucent gate.
  6000 | D:7      | Found a runed translucent gate.
  6000 | D:7      | Noticed enkamrat's ghost (novice MiBe)
  6058 | D:7      | Found a bloodstained altar of Trog.
  6419 | D:7      | Received a gift from Trog
  6450 | D:8      | Found Yshait's Food Emporium.
  6571 | D:8      | Found Eshraned's Distillery.
  6774 | D:8      | Reached skill level 12 in Axes
  6780 | D:8      | Found Muphes's General Store.
  6853 | D:8      | Noticed a two-headed ogre
  6860 | D:8      | Killed a two-headed ogre
  6860 | D:8      | Reached XP level 10. HP: 52/86 MP: 3/9
  7073 | D:8      | Got a dazzling leather armour
  7084 | D:8      | Identified the +2 leather armour "Laov" {-Tele Int+9} (You
                  | found it on level 8 of the Dungeon)
  7130 | D:8      | Found Akhing's Antique Armour Shop.
  7314 | D:8      | Found a staircase to the Lair.
  7325 | D:8      | Reached ***** piety under Trog
  7342 | D:8      | Reached skill level 10 in Armour
  7504 | Lair:1   | Entered Level 1 of the Lair of Beasts
  7554 | Lair:1   | Noticed a spiny frog
  7562 | Lair:1   | Killed a spiny frog
  7562 | Lair:1   | Reached skill level 13 in Axes
  7916 | Lair:1   | Noticed a spiny frog
  7924 | Lair:1   | Killed a spiny frog
  7984 | Lair:1   | Noticed Grum
  7996 | Lair:1   | Reached skill level 14 in Axes
  8004 | Lair:1   | Killed Grum
  8112 | Lair:1   | Noticed a black mamba
  8118 | Lair:1   | Killed a black mamba
  8357 | Lair:1   | Noticed a spiny frog
  8368 | Lair:1   | Killed a spiny frog
  8376 | Lair:1   | Noticed a six-headed hydra
  8383 | Lair:1   | Killed a six-headed hydra
  8383 | Lair:1   | Reached XP level 11. HP: 90/94 MP: 7/10
  8615 | Lair:2   | Reached skill level 15 in Axes
  8918 | Lair:2   | Found a staircase to the Snake Pit.
  9020 | Lair:2   | Found a staircase to the Swamp.
  9024 | Lair:2   | Noticed Urug
  9037 | Lair:2   | Killed Urug
  9987 | Lair:3   | Noticed a seven-headed hydra
  9993 | Lair:3   | Killed a seven-headed hydra
  9993 | Lair:3   | Reached skill level 16 in Axes
 10843 | Lair:4   | Reached XP level 12. HP: 100/105 MP: 9/11
 11046 | Lair:4   | Reached skill level 10 in Fighting
 11487 | Lair:5   | Received a gift from Trog
 11508 | Lair:5   | Got a dazzling battleaxe {god gift}
 11509 | Lair:5   | Identified the +2 battleaxe of Triumph {chop, Str+5 Int+3
                  | Stlth+} (Trog gifted it to you on level 5 of the Lair of
                  | Beasts)
 11724 | Lair:5   | Reached skill level 17 in Axes
 11957 | Lair:6   | Entered Level 6 of the Lair of Beasts
 12007 | Lair:6   | Found a runed translucent door.
 12013 | Lair:6   | Identified the cursed +1 trident of Painful Death {pierce,
                  | Str+3}
 12013 | Lair:6   | Noticed Ananasrisotto's ghost (journeyman DsFi)
 12181 | Lair:6   | Found a staircase to the Slime Pits.
 12244 | Lair:6   | Noticed an eight-headed hydra
 12256 | Lair:6   | Reached XP level 13. HP: 95/117 MP: 9/12
 12926 | Lair:6   | Reached skill level 18 in Axes
 12971 | Lair:6   | Slain by a komodo dragon

Skill      XL: |  1  2  3  4  5  6  7  8  9 10 11 12 13 |
---------------+----------------------------------------+-----
Axes           | 4 5 6 7 10 12 14 16 17 18 | 18.1
Fighting       | 4 5 6 7 8 9 11 12 | 12.5
Armour         | 3 4 5 6 8 9 11 12 14 | 14.7
Dodging        | 3 4 |  4.3
Maces & Flails | |  0.7
Stealth        | |  0.5

Action                   |  1- 3 |  4- 6 |  7- 9 | 10-12 | 13-15 || total
-------------------------+-------+-------+-------+-------+-------++-------
Melee: Hand axe          |    91 |    85 |   159 |       |       ||   335
       Headbutt          |    14 |    16 |    64 |   132 |    19 ||   245
       War axe           |       |       |   134 |   308 |       ||   442
       Morningstar       |       |       |       |    65 |    14 ||    79
       Battleaxe         |       |       |       |    83 |    51 ||   134
Invok: Berserk           |       |     3 |     8 |     7 |     2 ||    20
  Use: Scroll            |       |     4 |     9 |     2 |       ||    15
       Potion            |       |       |       |       |     1 ||     1
  Eat: Chunk             |     3 |     8 |    17 |    21 |     3 ||    52
       Ration            |       |       |       |     1 |       ||     1
Armor: Scale mail        |    18 |     8 |       |       |       ||    26
       Animal skin       |     1 |       |       |       |       ||     1
       Chain mail        |       |    35 |    66 |       |       ||   101
       Plate armour      |       |       |    58 |   219 |    81 ||   358
Dodge: Dodged            |    51 |    34 |   126 |   196 |    51 ||   458
       Deflected         |     1 |     1 |     3 |     1 |       ||     6
